 Dungeon Crawl Stone Soup version 0.27-a0-1548-gf8a67e7463 (webtiles) character file.

Game seed: 6708523723709507163

672 tsouns the Sneak (level 7, -1/43 HPs)
             Began as a Kobold Enchanter on July 13, 2021.
             Was a Believer of Nemelex Xobeh.
             Killed from afar by a white imp (5 damage)
             ... with a puff of frost
             ... on level 5 of the Dungeon.
             The game lasted 00:07:10 (5094 turns).

tsouns the Sneak (Kobold Enchanter)                 Turns: 5094, Time: 00:07:10

Health: -1/43      AC:  3    Str:  5    XL:     7   Next: 90%
Magic:  10/10      EV: 15    Int: 25    God:    Nemelex Xobeh [**....]
Gold:   112        SH:  0    Dex: 15    Spells: 1/10 levels left

rFire    . . .     SeeInvis .   m - +1 dagger (venom)
rCold    . . .     Faith    .   (shield restricted)
rNeg     . . .     Spirit   .   b - +0 robe
rPois    .         Reflect  .   h - +1 hat
rElec    .         Harm     .   (no cloak)
rCorr    .         Rampage  .   (no gloves)
Will     .....                  (no boots)
Stlth    +++++.....             (no amulet)
HPRegen  0.14/turn              n - ring of wizardry
MPRegen  0.12/turn              f - +6 ring of intelligence

@: no status effects
A: small, no large weapons, nightstalker 3
a: Renounce Religion, Draw Escape, Draw Destruction, Draw Summoning


You were on level 5 of the Dungeon.
You worshipped Nemelex Xobeh.
Nemelex Xobeh was pleased with you.
You visited 1 branch of the dungeon, and saw 5 of its levels.

You collected 112 gold pieces.

Inventory:

Hand Weapons
 a - a +1 dagger
 c - a +0 dagger of flaming
 m - a +1 dagger of venom (weapon)
Missiles
 g - 24 poisoned darts (quivered)
Armour
 b - a +0 robe (worn)
 h - a +1 hat (worn)
Jewellery
 d - a +4 ring of evasion
 f - a +6 ring of intelligence (right hand)
 n - a ring of wizardry (left hand)
Wands
 j - a wand of flame (18)
 p - a wand of mindburst (10)
Scrolls
 e - 4 scrolls of enchant armour
 l - a scroll of fear
Potions
 i - a potion of lignification
 k - a potion of curing
 o - a potion of ambrosia
 q - a potion of mutation {unknown}


   Skills:
 + Level 4.3 Fighting
 + Level 5.5 Short Blades
 - Level 2.4 Dodging
 + Level 7.2 Stealth
 - Level 2.1 Spellcasting
 - Level 3.0 Hexes
 + Level 3.4 Invocations


You had one spell level left.
You knew the following spells:

 Your Spells              Type           Power      Damage    Failure   Level
a - Corona                Hex            18%        N/A       1%          1
b - Ensorcelled Hibernat  Hex/Ice        20%        N/A       3%          2
c - Confusing Touch       Hex            17%        N/A       4%          3
d - Tukima's Dance        Hex            17%        N/A       4%          3

Your spell library contained the following spells:

 Spells                   Type           Power      Damage    Failure   Level
 Animate Skeleton         Necr           4%         N/A       4%          1
 Pain                     Necr           8%         1d4       4%          1
 Summon Small Mammal      Summ           8%         N/A       4%          1
 Dazzling Flash           Conj/Hex       20%        N/A       8%          3
 Summon Guardian Golem    Hex/Summ       10%        N/A       8%          3
 Call Canine Familiar     Summ           2%         N/A       13%         3
 Vampiric Draining        Necr           1%         2d6       13%         3


Dungeon Overview and Level Annotations

Branches:
Dungeon (5/15)
 Temple: D:4-7

Altars:
Nemelex Xobeh

Annotations:
D:4 1 transporter, ma3's ghost, amateur HuDe


Innate Abilities, Weirdness & Mutations

You are small and have problems with some larger weapons.
You are completely attuned to the shadows.


Message History

The orc barely misses you.
You closely miss the orc.
The orc is almost dead.
You kill the orc!
You hit the white imp but do no damage. You hit the white imp.
The white imp is lightly wounded.
The white imp gestures at you. The puff of frost hits you!
You are too injured to fight recklessly!
You are too injured to fight recklessly!
You are too injured to fight recklessly!
You are too injured to fight recklessly!
You are too injured to fight recklessly!
You are too injured to fight recklessly!
You are too injured to fight recklessly!
You are too injured to fight recklessly!
You are too injured to fight recklessly!
You are too injured to fight recklessly!
You are too injured to fight recklessly!
You are too injured to fight recklessly!
You barely miss the white imp.
The white imp is lightly wounded.
The white imp closely misses you.
You hit the white imp.
The white imp is moderately wounded.
The white imp closely misses you.
You barely miss the white imp.
The white imp is moderately wounded.
You closely miss the white imp.
The white imp is moderately wounded.
The white imp gestures at you. The puff of frost hits you!
* * * LOW HITPOINT WARNING * * *
You barely miss the white imp.
The white imp is lightly wounded.
The white imp gestures at you. The puff of frost hits you.
You die...
Your body disappears without a glow. .. .# .oo

.# ...##.# #.#
...'..# #.# #).#
#####.# #..###
......# #.....
.....>#
#.################..†
#..5@................
######.......#.......
#.......#.......
#########.......
#....... #.(....#
#......# #......#
#.......


You could see a white imp.

Vanquished Creatures
  A wyvern (D:4)
  A black bear (D:4)
  An ogre (D:4)
  2 hounds
  An orc priest (D:4)
  A bullfrog skeleton (D:4)
  An iguana (D:3)
  2 orc wizards
  A hound skeleton (D:4)
  5 adders
  A shadow imp (D:3)
  An adder skeleton (D:4)
  A worm (D:2)
  A dart slug (D:2)
  10 orcs
  2 bats
  6 endoplasms
  A giant cockroach (D:2)
  7 goblins
  3 hobgoblins
  8 jackals
  4 quokkas
  3 ball pythons
  5 frilled lizards
  9 kobolds
  4 rats
82 creatures vanquished.

Notes
Turn   | Place    | Note
-------+----------+-------------------------------------------
     0 | D:1      | tsouns the Kobold Enchanter began the quest for the Orb.
     0 | D:1      | Reached XP level 1. HP: 10/10 MP: 3/3
   162 | D:1      | Reached XP level 2. HP: 16/16 MP: 5/5
   165 | D:1      | Learned a level 2 spell: Ensorcelled Hibernation
   218 | D:1      | Reached skill level 1 in Fighting
   946 | D:2      | Reached XP level 3. HP: 16/20 MP: 6/6
  1215 | D:2      | Reached XP level 4. HP: 7/26 MP: 3/7
  1483 | D:2      | Reached skill level 5 in Stealth
  2520 | D:2      | HP: 1/26 [orc wizard/magic dart (6)]
  2658 | D:3      | Found a faded altar of an unknown god.
  2686 | D:3      | Learned a level 3 spell: Confusing Touch
  2695 | D:3      | Became a worshipper of Nemelex Xobeh the Trickster
  2695 | D:3      | Reached * piety under Nemelex Xobeh
  2806 | D:3      | Received a gift from Nemelex Xobeh
  2982 | D:3      | Reached XP level 5. HP: 31/31 MP: 5/8
  3404 | D:4      | Noticed a wyvern
  3405 | D:4      | Noticed a black bear
  3413 | D:4      | Killed a wyvern
  3414 | D:4      | Reached skill level 6 in Stealth
  3414 | D:4      | Reached XP level 6. HP: 29/37 MP: 6/9
  3419 | D:4      | Killed a black bear
  3516 | D:4      | Reached XP level 7. HP: 41/41 MP: 3/10
  3677 | D:4      | Found a transporter.
  3681 | D:4      | Noticed ma3's ghost (amateur HuDe)
  3934 | D:4      | Reached ** piety under Nemelex Xobeh
  3943 | D:4      | Reached skill level 5 in Short Blades
  4206 | D:4      | Reached skill level 7 in Stealth
  4368 | D:4      | Learned a level 3 spell: Tukima's Dance
  4905 | D:5      | Entered Level 5 of the Dungeon
  5050 | D:5      | Identified the +4 hunting sling "Qiwix" {freeze, rF+}
  5094 | D:5      | Killed from afar by a white imp

Illustrated notes

Levels and vault maps discovered:
D:1:      amcnicky_arrival_flooded_fountain, layout_loops_ring
D:2:      layout_loops_ring
D:3:      layout_rooms, dreamdust_ecumenical_altar_angels_and_demons,
          serial_glass, glass_columns_c, glass_columns_a
D:4:      layout_basic, gammafunk_ghost_smash, kennysheep_opposing_triangles
D:5:      layout_basic

Skill      XL: |  1  2  3  4  5  6  7 |
---------------+----------------------+-----
Fighting       | 1 2 3 4 |  4.3
Short Blades   | 2 3 4 5 |  5.5
Stealth        | 5 6 7 |  7.2
Invocations    | 2 3 |  3.4
Dodging        | |  2.4
Spellcasting   | |  2.1
Hexes          | |  3.0

Action                   |  1- 3 |  4- 6 |  7- 9 || total
-------------------------+-------+-------+-------++-------
Melee: Dagger            |    95 |   129 |   120 ||   344
 Cast: Ensorcelled Hiber |     2 |    14 |     7 ||    23
       Corona            |       |     4 |     1 ||     5
Invok: Draw Destruction  |       |     2 |     1 ||     3
  Use: Potion            |       |     2 |     1 ||     3
       Scroll            |       |       |     4 ||     4
 Stab: Sleeping          |    15 |    12 |    11 ||    38
       Distracted        |     3 |       |       ||     3
Armor: Robe              |    13 |     4 |    10 ||    27
Dodge: Dodged            |    89 |    70 |    69 ||   228

Table legend: (Time is in decaauts)
 A = Elapsed time spent in this place.
 B = Non-inter-level travel time spent in this place.
 C = Inter-level travel time spent in this place.
 D = Time resting spent in this place.
 E = Time spent auto-exploring this place.
 F = Levels seen in this place.
 G = Mean time per level.
                   A        B        C        D        E       F      G
               +--------+--------+--------+--------+--------+-----+--------+
         Total |   5031 |   4857 |    174 |      0 |   4091 |   5 | 1006.2 |
       Dungeon |   5031 |   4857 |    174 |      0 |   4091 |   5 | 1006.2 |
               +--------+--------+--------+--------+--------+-----+--------+

Top non-repeatable levels by time:
     D:2: 1544 daAuts
     D:4: 1483 daAuts
     D:3: 945 daAuts
     D:1: 882 daAuts
     D:5: 174 daAuts
